3L
D.C. DIVIDED @ PHILADELPHIA 1776 BC
05/29/2023
 
TOP OF THE 1ST
D.C. Divided batting - Pitching for Philadelphia 1776 BC : RHP Jeff Territt
Pitching: RHP Jeff Territt
Batting: RHB Tony Romero 0-0: Ball
1-0: Ball
2-0: Foul Ball, location: 2F
2-1: SINGLE (Line Drive, 78S)
Batting: RHB Lúcio López 0-0: Called Strike
0-1: Ball
1-1: Foul Ball, location: 2F
1-2: SINGLE (Line Drive, 56D)
Tony Romero to second
Batting: LHB Ray Sears 0-0: 3-RUN HOME RUN (Flyball, 89XD), Distance : 437 ft
Batting: LHB Mike Gardner 0-0: Ball
1-0: SINGLE (Groundball, 4MD)
Batting: RHB Miguel Silva 0-0: Called Strike
0-1: Ball
1-1: Ball
2-1: Ball
3-1: Base on Balls
Mike Gardner to second
Batting: LHB Brad Elmore 0-0: Foul Ball, location: 2F
0-1: Grounds into double play, 6-4-3 (Groundball, 6)
Mike Gardner to third
Batting: LHB Charles Mathes 0-0: Called Strike
0-1: SINGLE (Groundball, 56D)
Mike Gardner scores
Batting: LHB Jorge Aicón 0-0: Called Strike
Charles Mathes is caught stealing 2nd base
Top of the 1st over - 4 run(s), 5 hit(s), 0 error(s), 0 left on base; D.C. 4 - Philadelphia 1776 0
BOTTOM OF THE 1ST
Philadelphia 1776 BC batting - Pitching for D.C. Divided : RHP Sozen Raikatuji
Pitching: RHP Sozen Raikatuji
Batting: RHB Jesús Orozco 0-0: Ball
1-0: Ball
2-0: Called Strike
2-1: Ball
3-1: Base on Balls
Batting: RHB Dave Morris 0-0: Called Strike
0-1: Grounds into double play, 5-4-3 (Groundball, 56)
Batting: LHB Cliff Aldridge 0-0: Ball
1-0: Ball
2-0: Called Strike
2-1: Foul Ball, location: 2F
2-2: Ground out 5-3 (Groundball, 56S)
Bottom of the 1st over - 0 run(s), 0 hit(s), 0 error(s), 0 left on base; D.C. 4 - Philadelphia 1776 0
TOP OF THE 2ND
D.C. Divided batting - Pitching for Philadelphia 1776 BC : RHP Jeff Territt
Batting: LHB Jorge Aicón 0-0: Called Strike
0-1: Ball
1-1: Called Strike
1-2: Ground out 6-3 (Groundball, 6M)
Batting: RHB Cristo González 0-0: Swinging Strike
0-1: Ball
1-1: Ground out 6-3 (Groundball, 6M)
Batting: RHB Tony Romero 0-0: Ball
1-0: Ground out 4-3 (Groundball, 34)
Top of the 2nd over - 0 run(s), 0 hit(s), 0 error(s), 0 left on base; D.C. 4 - Philadelphia 1776 0
BOTTOM OF THE 2ND
Philadelphia 1776 BC batting - Pitching for D.C. Divided : RHP Sozen Raikatuji
Batting: RHB Joe Smith 0-0: Ball
1-0: Foul Ball, location: 2F
1-1: Ground out 6-3 (Groundball, 6)
Batting: LHB Héctor Torres 0-0: Foul Ball, location: 2F
0-1: Ball
1-1: Called Strike
1-2: Fly out, F8 (Flyball, 8RS)
Batting: RHB Brady Ferris 0-0: Ground out 6-3 (Groundball, 6)
Bottom of the 2nd over - 0 run(s), 0 hit(s), 0 error(s), 0 left on base; D.C. 4 - Philadelphia 1776 0
TOP OF THE 3RD
D.C. Divided batting - Pitching for Philadelphia 1776 BC : RHP Jeff Territt
Batting: RHB Lúcio López 0-0: Ball
1-0: Ground out 1-3 (Groundball, 13S)
Batting: LHB Ray Sears 0-0: Ball
1-0: Called Strike
1-1: Ball
2-1: Foul Ball, location: 2F
2-2: Ball
3-2: Foul Ball, location: 2F
3-2: Ground out U3 (Groundball, 3S)
Batting: LHB Mike Gardner 0-0: Called Strike
0-1: Called Strike
0-2: Foul Ball, location: 2F
0-2: Ball
1-2: Strikes out swinging
Top of the 3rd over - 0 run(s), 0 hit(s), 0 error(s), 0 left on base; D.C. 4 - Philadelphia 1776 0
BOTTOM OF THE 3RD
Philadelphia 1776 BC batting - Pitching for D.C. Divided : RHP Sozen Raikatuji
Batting: SHB Jesús Cabañe 0-0: Ball
1-0: Called Strike
1-1: Ball
2-1: SINGLE (Groundball, 4M)
Batting: RHB António Granados 0-0: Ball
Jesús Cabañe steals 2nd base
1-0: Foul Ball, location: 2F
1-1: Ball
2-1: Swinging Strike
2-2: Foul Ball, location: 2F
2-2: Foul Ball, location: 2F
2-2: Ground out 4-3 (Groundball, 4)
Jesús Cabañe to third
Batting: RHB Patrizio Vanali 0-0: Ball
1-0: Swinging Strike
1-1: DOUBLE (Flyball, 89D)
Jesús Cabañe scores
Batting: RHB Jesús Orozco 0-0: Called Strike
0-1: Called Strike
0-2: Ball
1-2: Ball
2-2: Foul Ball, location: 2F
2-2: Ground out 1-3 (Groundball, 13)
Patrizio Vanali to third
Batting: RHB Dave Morris 0-0: Ground out 5-3 (Groundball, 5S)
Bottom of the 3rd over - 1 run(s), 2 hit(s), 0 error(s), 1 left on base; D.C. 4 - Philadelphia 1776 1
TOP OF THE 4TH
D.C. Divided batting - Pitching for Philadelphia 1776 BC : RHP Jeff Territt
Batting: RHB Miguel Silva 0-0: Ground out 6-3 (Groundball, 6M)
Batting: LHB Brad Elmore 0-0: Ball
1-0: Ball
2-0: Ball
3-0: Called Strike
3-1: Ground out 1-3 (Groundball, 15)
Batting: LHB Charles Mathes 0-0: Ball
1-0: Fly out, F7 (Line Drive, 78D)
Top of the 4th over - 0 run(s), 0 hit(s), 0 error(s), 0 left on base; D.C. 4 - Philadelphia 1776 1
BOTTOM OF THE 4TH
Philadelphia 1776 BC batting - Pitching for D.C. Divided : RHP Sozen Raikatuji
Batting: LHB Cliff Aldridge 0-0: Called Strike
0-1: Ball
1-1: Fly out, F6 (Popup, 56D)
Batting: RHB Joe Smith 0-0: Called Strike
0-1: Foul Ball, location: 2F
0-2: SOLO HOME RUN (Flyball, 8RXD), Distance : 429 ft
Batting: LHB Héctor Torres 0-0: Ball
1-0: Foul Ball, location: 2F
1-1: Called Strike
1-2: Ball
2-2: Ball
3-2: SINGLE (Groundball, 4M)
Batting: RHB Brady Ferris 0-0: Ball
1-0: SINGLE (Groundball, 56D)
Héctor Torres to second
Batting: SHB Jesús Cabañe 0-0: Hit by Pitch
Héctor Torres to third
Brady Ferris to second
Batting: RHB António Granados 0-0: Swinging Strike
0-1: Called Strike
0-2: Strikes out swinging
Batting: RHB Patrizio Vanali 0-0: Ball
1-0: Foul Ball, location: 2F
1-1: Swinging Strike
1-2: Ball
2-2: Fly out, F7 (Flyball, 78M)
Bottom of the 4th over - 1 run(s), 3 hit(s), 0 error(s), 3 left on base; D.C. 4 - Philadelphia 1776 2
TOP OF THE 5TH
D.C. Divided batting - Pitching for Philadelphia 1776 BC : RHP Jeff Territt
Batting: LHB Jorge Aicón 0-0: Swinging Strike
0-1: Ball
1-1: Foul Ball, location: 2F
1-2: Ball
2-2: Ball
3-2: Strikes out swinging
Batting: RHB Cristo González 0-0: Called Strike
0-1: Swinging Strike
0-2: Foul Ball, location: 2F
0-2: Foul Ball, location: 2F
0-2: Ball
1-2: Ball
2-2: TRIPLE (Flyball, 7LD)
Batting: RHB Tony Romero 0-0: Ground out 1-3 (Groundball, 15)
Batting: RHB Lúcio López 0-0: SINGLE (Groundball, 56D)
Cristo González scores
Batting: LHB Ray Sears 0-0: Ball
1-0: Fly out, F8 (Line Drive, 8LM)
Top of the 5th over - 1 run(s), 2 hit(s), 0 error(s), 1 left on base; D.C. 5 - Philadelphia 1776 2
BOTTOM OF THE 5TH
Philadelphia 1776 BC batting - Pitching for D.C. Divided : RHP Sozen Raikatuji
Batting: RHB Jesús Orozco 0-0: Called Strike
0-1: Called Strike
0-2: Foul Ball, location: 2F
0-2: Ground out 6-3 (Groundball, 6M)
Batting: RHB Dave Morris 0-0: Ball
1-0: Ball
2-0: Called Strike
2-1: Ball
3-1: Fly out, F9 (Flyball, 9S)
Batting: LHB Cliff Aldridge 0-0: Called Strike
0-1: Ball
1-1: Ground out 5-3 (Groundball, 56S)
Bottom of the 5th over - 0 run(s), 0 hit(s), 0 error(s), 0 left on base; D.C. 5 - Philadelphia 1776 2
TOP OF THE 6TH
D.C. Divided batting - Pitching for Philadelphia 1776 BC : RHP Jeff Territt
Batting: LHB Mike Gardner 0-0: Ball
1-0: Called Strike
1-1: Ball
2-1: Fly out, F5 (Popup, 5SF)
Batting: RHB Miguel Silva 0-0: Swinging Strike
0-1: Ball
1-1: Ball
2-1: Foul Ball, location: 2F
2-2: Strikes out swinging
Batting: LHB Brad Elmore 0-0: Ball
1-0: Called Strike
1-1: Ground out 6-3 (Groundball, 6M)
Top of the 6th over - 0 run(s), 0 hit(s), 0 error(s), 0 left on base; D.C. 5 - Philadelphia 1776 2
BOTTOM OF THE 6TH
Philadelphia 1776 BC batting - Pitching for D.C. Divided : RHP Sozen Raikatuji
Batting: RHB Joe Smith 0-0: Ball
1-0: Fly out, F7 (Flyball, 7D)
Batting: LHB Héctor Torres 0-0: Called Strike
0-1: Ball
1-1: Ball
2-1: Ball
3-1: Called Strike
3-2: Foul Ball, location: 2F
3-2: Ground out U3 (Groundball, 3S)
Batting: RHB Brady Ferris 0-0: Foul Ball, location: 2F
0-1: Ball
1-1: SINGLE (Groundball, 3D) (infield hit)
Pitching: LHP Domingo Posadas
Batting: SHB Jesús Cabañe 0-0: Ball
1-0: Ball
2-0: Ground out 5-3 (Groundball, 56S)
Bottom of the 6th over - 0 run(s), 1 hit(s), 0 error(s), 1 left on base; D.C. 5 - Philadelphia 1776 2
TOP OF THE 7TH
D.C. Divided batting - Pitching for Philadelphia 1776 BC : RHP Jeff Territt
Batting: LHB Charles Mathes 0-0: Ball
1-0: Swinging Strike
1-1: Swinging Strike
1-2: Fly out, F7 (Flyball, 7LM)
Batting: LHB Jorge Aicón 0-0: Called Strike
0-1: Foul Ball, location: 2F
0-2: Ball
1-2: Foul Ball, location: 2F
1-2: Ball
2-2: Fly out, F7 (Flyball, 7M)
Batting: RHB Cristo González 0-0: Ball
1-0: Called Strike
1-1: Foul Ball, location: 2F
1-2: Ground out 5-3 (Groundball, 56S)
Top of the 7th over - 0 run(s), 0 hit(s), 0 error(s), 0 left on base; D.C. 5 - Philadelphia 1776 2
BOTTOM OF THE 7TH
Philadelphia 1776 BC batting - Pitching for D.C. Divided : LHP Domingo Posadas
Batting: RHB António Granados 0-0: Foul Ball, location: 2F
0-1: Ball
1-1: SINGLE (Line Drive, 56)
Batting: RHB Patrizio Vanali 0-0: Ball
1-0: Foul Ball, location: 2F
1-1: SINGLE (Line Drive, 4MD)
António Granados to second
Batting: RHB Jesús Orozco 0-0: SINGLE (Line Drive, 8LS)
António Granados to third
Patrizio Vanali to second
Batting: RHB Dave Morris 0-0: Called Strike
0-1: Called Strike
0-2: Strikes out swinging
Pinch Hitting: RHB Craig Stewart 0-0: Ball
1-0: Called Strike
1-1: Grounds into fielders choice 1-2 (Groundball, 13)
Patrizio Vanali to third
Jesús Orozco to second
Batting: RHB Joe Smith 0-0: Called Strike
0-1: Ball
1-1: Swinging Strike
1-2: Fielders Choice at 2nd, U6 (Groundball, 6M)
Bottom of the 7th over - 0 run(s), 3 hit(s), 0 error(s), 3 left on base; D.C. 5 - Philadelphia 1776 2
TOP OF THE 8TH
D.C. Divided batting - Pitching for Philadelphia 1776 BC : RHP Jeff Territt
Pitching: RHP António Lucero
Now in RF: Craig Stewart
Batting: RHB Tony Romero 0-0: Called Strike
0-1: Ball
1-1: Ball
2-1: Ball
3-1: SINGLE (Groundball, 56D)
Batting: RHB Lúcio López 0-0: Foul Ball, location: 2F
0-1: Ball
Tony Romero is caught stealing 2nd base
1-1: Swinging Strike
1-2: Foul Ball, location: 2F
1-2: Ball
2-2: Strikes out looking
Batting: LHB Ray Sears 0-0: Ball
1-0: Ball
2-0: Ball
3-0: Base on Balls
Batting: LHB Mike Gardner 0-0: Ball
1-0: Called Strike
1-1: Called Strike
1-2: Ball
2-2: Foul Ball, location: 2F
2-2: Ground out 4-3 (Groundball, 4)
Top of the 8th over - 0 run(s), 1 hit(s), 0 error(s), 1 left on base; D.C. 5 - Philadelphia 1776 2
BOTTOM OF THE 8TH
Philadelphia 1776 BC batting - Pitching for D.C. Divided : LHP Domingo Posadas
Batting: LHB Héctor Torres 0-0: Foul Ball, location: 2F
0-1: Foul Ball, location: 2F
0-2: Ball
1-2: SINGLE (Groundball, 5L)
Pitching: RHP Ed McWhannell
Batting: RHB Brady Ferris 0-0: Foul Ball, location: 2F
0-1: Fly out, F7 (Flyball, 7D)
Batting: SHB Jesús Cabañe 0-0: Ball
1-0: Grounds into double play, 4-6-3 (Groundball, 4)
Bottom of the 8th over - 0 run(s), 1 hit(s), 0 error(s), 0 left on base; D.C. 5 - Philadelphia 1776 2
TOP OF THE 9TH
D.C. Divided batting - Pitching for Philadelphia 1776 BC : RHP António Lucero
Pitching: RHP Lance Hodges
Batting: RHB Miguel Silva 0-0: Ball
1-0: Ball
2-0: Ball
3-0: Base on Balls
Batting: LHB Brad Elmore 0-0: Called Strike
0-1: Bunted foul
0-2: Ball
1-2: Strikes out swinging
Batting: LHB Charles Mathes 0-0: Ball
1-0: Foul Ball, location: 2F
1-1: Swinging Strike
1-2: Ball
2-2: Foul Ball, location: 2F
2-2: Foul Ball, location: 2F
2-2: SINGLE (Flyball, 7S)
Miguel Silva to second
Batting: LHB Jorge Aicón 0-0: Ball
1-0: Foul Ball, location: 2F
1-1: Called Strike
1-2: Foul Ball, location: 2F
1-2: Ball
2-2: Strikes out swinging
Batting: RHB Cristo González 0-0: Ball
1-0: Called Strike
1-1: Ball
2-1: Ball
3-1: Base on Balls
Miguel Silva to third
Charles Mathes to second
Pinch Hitting: LHB Ernesto Sánchez 0-0: Fielders Choice at 2nd, U6 (Groundball, 6M)
Top of the 9th over - 0 run(s), 1 hit(s), 0 error(s), 3 left on base; D.C. 5 - Philadelphia 1776 2
BOTTOM OF THE 9TH
Philadelphia 1776 BC batting - Pitching for D.C. Divided : RHP Ed McWhannell
Pitching: RHP Gabriel Hidalgo
Now at 2B: Ramón García
Batting: RHB António Granados 0-0: Ball
1-0: SINGLE (Groundball, 3S)
Batting: RHB Patrizio Vanali 0-0: Foul Ball, location: 2F
0-1: Ball
1-1: Swinging Strike
1-2: Ball
2-2: Ball
3-2: Base on Balls
António Granados to second
Batting: RHB Jesús Orozco 0-0: Called Strike
0-1: Ball
1-1: Called Strike
1-2: Ball
2-2: Ball
3-2: Foul Ball, location: 2F
3-2: Fly out, F7 (Line Drive, 7M)
Batting: RHB Dave Morris 0-0: Ball
1-0: Foul Ball, location: 2F
1-1: Ball
2-1: Ball
3-1: Foul Ball, location: 2F
3-2: Strikes out swinging
Batting: RHB Craig Stewart 0-0: Called Strike
0-1: Called Strike
0-2: Fly out, F7 (Flyball, 78M)
Bottom of the 9th over - 0 run(s), 1 hit(s), 0 error(s), 2 left on base; D.C. 5 - Philadelphia 1776 2
This league is powered by Out of the Park Baseball, the baseball management simulation game for PC, Mac and Linux
Friday, July 8th, 2016 - OOTP Baseball 16.9 Build 39